 Dungeon Crawl Stone Soup version 0.23.2-1-ga50397a6bc (webtiles) character file.

Game seed: 12071953677411918027

2612 Peloso the Carver (level 9, -12/78 HPs)
             Began as a Minotaur Fighter on May 24, 2019.
             Was a Priest of Okawaru.
             Mangled by a two-headed ogre
             ... wielding a +0 giant club
              (16 damage)
             ... on level 8 of the Dungeon.
             The game lasted 00:12:15 (5237 turns).

Peloso the Carver (Minotaur Fighter)                Turns: 5237, Time: 00:12:15

Health: -12/78     AC: 14    Str: 22    XL:     9   Next: 34%
Magic:  8/8        EV:  6    Int:  5    God:    Okawaru [***...]
Gold:   320        SH: 11    Dex: 12    Spells: 8/8 levels left

rFire    . . .     SeeInvis .   a - +0 long sword
rCold    . . .     Gourm    .   c - +0 shield
rNeg     . . .     Faith    +   C - +0 plate armour
rPois    .         Spirit   .   (helmet restricted)
rElec    .         Reflect  .   g - +0 cloak
rCorr    .         Harm     .   (no gloves)
MR       .....                  (no boots)
Stlth    ..........             u - amulet of faith
HPRegen  0.23/turn              (no ring)
MPRegen  0.11/turn              (no ring)

@: no status effects
A: retaliatory headbutt, horns 2
a: Heroism, Renounce Religion


You were on level 8 of the Dungeon.
You worshipped Okawaru.
Okawaru was most pleased with you.
You were not hungry.

You visited 2 branches of the dungeon, and saw 9 of its levels.

You collected 320 gold pieces.

Inventory:

Hand Weapons
 a - a +0 long sword (weapon)
Armour
 b - a +0 scale mail
 c - a +0 shield (worn)
 g - a +0 cloak (worn)
 p - a +0 chain mail
 C - a +0 plate armour (worn)
Jewellery
 u - an amulet of faith (around neck)
Wands
 r - a wand of acid (13)
 B - a wand of iceblast (5)
Scrolls
 e - a scroll of random uselessness {unknown}
 h - 7 scrolls of teleportation
 i - 3 scrolls of identify {unknown}
 j - a scroll of fog {unknown}
 q - 5 scrolls of remove curse
 s - a scroll of fear {unknown}
 t - a scroll of immolation {unknown}
 v - a scroll of blinking {unknown}
 x - 2 scrolls of enchant weapon {unknown}
 y - a scroll of enchant armour {unknown}
 z - 2 scrolls of magic mapping {unknown}
Potions
 d - 3 potions of might
 k - 2 potions of lignification {unknown}
 l - a potion of flight {unknown}
 m - 4 potions of agility {unknown}
 n - 2 potions of heal wounds {unknown}
 o - 4 potions of curing {unknown}
 w - 2 potions of ambrosia {unknown}
 A - a potion of degeneration {unknown}
 D - a potion of mutation {unknown}
 E - a potion of brilliance {unknown}
Comestibles
 f - 11 rations


   Skills:
 + Level 6.9 Fighting
 + Level 10.1 Long Blades
 + Level 7.7 Armour
 + Level 2.3 Dodging
 + Level 0.1 Stealth
 + Level 7.7 Shields


You had 8 spell levels left.
You didn't know any spells.
Your spell library was empty.

Dungeon Overview and Level Annotations

Branches:
Dungeon (8/15)             Temple (1/1) D:5
   Lair: D:8-11

Altars:
Ashenzari
Cheibriados
Dithmenos
Elyvilon
Fedhas
Gozag
Hepliaklqana
Kikubaaqudgha
Makhleb
Nemelex Xobeh
Okawaru
Sif Muna
Trog
Uskayaw
Vehumet
Wu Jian
Xom
Yredelemnul
Zin
The Shining One

Annotations:
D:6 1 runed translucent door, Chudej's ghost, novice DECj


Innate Abilities, Weirdness & Mutations

You reflexively headbutt those who attack you in melee.
You have a pair of horns on your head.


Message History

The two-headed ogre is lightly wounded.
You hit the two-headed ogre but do no damage.
The two-headed ogre is lightly wounded.
The two-headed ogre hits you with a +0 giant club!
The two-headed ogre hits you with a +0 giant spiked club.
You slash the two-headed ogre! You headbutt the two-headed ogre!
The two-headed ogre is heavily wounded.
The two-headed ogre hits you with a +0 giant club!
The two-headed ogre hits you with a +0 giant spiked club!
You hit the two-headed ogre.
The two-headed ogre is heavily wounded.
You hit the two-headed ogre.
The two-headed ogre is heavily wounded.
The two-headed ogre hits you but does no damage.
The two-headed ogre hits you with a +0 giant spiked club!!
* * * LOW HITPOINT WARNING * * *
You hit the two-headed ogre.
The two-headed ogre is heavily wounded.
The two-headed ogre hits you with a +0 giant club!
You die...

.. .. <### ### ##. .
.... #...#
.....##.#.#
...>...hO.#
.....##@##
.........############
.............<....>..
#####....############
#....# #....# ######


You could see a two-headed ogre and a black bear.

Vanquished Creatures
  2 hippogriffs (D:7)
  A hungry ghost (D:7)
  Edmund (D:5)
  An orc warrior (D:6)
  2 ice beasts
  A phantom (D:5)
  A big kobold (D:7)
  A centaur (D:7)
  3 bullfrogs
  A water moccasin skeleton (D:6)
  4 killer bees (D:7)
  3 crimson imps
  A howler monkey (D:6)
  3 hounds
  A jelly (D:5)
  2 bullfrog skeletons
  5 orc priests
  3 orc wizards
  3 iguanas
  5 worker ants
  A hound zombie (D:5)
  2 hound skeletons
  11 gnolls
  4 adders
  2 shadow imps
  An ooze (D:1)
  3 worms
  4 dart slugs
  6 leopard geckos
  22 orcs
  3 giant cockroaches
  6 goblins
  5 hobgoblins
  18 jackals
  3 quokkas
  8 bats
  4 frilled lizards
  6 kobolds
  A leopard gecko skeleton (D:4)
  A leopard gecko zombie (D:7)
  4 rats
159 creatures vanquished.

Notes
Turn   | Place    | Note
-------+----------+-------------------------------------------
     0 | D:1      | Peloso the Minotaur Fighter began the quest for the Orb.
     0 | D:1      | Reached XP level 1. HP: 19/19 MP: 0/0
   218 | D:1      | Reached XP level 2. HP: 26/27 MP: 1/1
   636 | D:2      | You fall through a shaft!
   636 | D:3      | Found a hazy altar of Hepliaklqana.
   688 | D:2      | Found a blossoming altar of Fedhas.
   767 | D:2      | Reached XP level 3. HP: 33/33 MP: 2/2
   911 | D:2      | Found a shadowy altar of Dithmenos.
   950 | D:2      | Reached skill level 1 in Dodging
   981 | D:2      | Reached skill level 3 in Long Blades
   987 | D:2      | Found a shimmering altar of Xom.
   987 | D:2      | Found a radiant altar of Vehumet.
  1193 | D:3      | Reached XP level 4. HP: 29/40 MP: 3/3
  1341 | D:3      | Reached skill level 4 in Long Blades
  1450 | D:3      | Reached XP level 5. HP: 40/46 MP: 4/4
  1996 | D:4      | Found a bloodstained altar of Trog.
  2281 | D:4      | Reached skill level 5 in Long Blades
  2358 | D:4      | Reached skill level 5 in Armour
  2358 | D:4      | Reached skill level 5 in Shields
  2358 | D:4      | Reached XP level 6. HP: 39/53 MP: 5/5
  2483 | D:5      | Entered Level 5 of the Dungeon
  2525 | D:5      | Found a staircase to the Ecumenical Temple.
  2542 | Temple   | Entered the Ecumenical Temple
  2582 | Temple   | Became a worshipper of Warmaster Okawaru
  2766 | D:5      | Noticed an ice beast
  2789 | D:5      | Killed an ice beast
  2789 | D:5      | Reached skill level 6 in Long Blades
  2883 | D:5      | Reached XP level 7. HP: 48/60 MP: 6/6
  2892 | D:5      | Reached skill level 5 in Fighting
  2919 | D:5      | Noticed Edmund
  2933 | D:5      | Killed Edmund
  2943 | D:5      | Reached * piety under Okawaru
  3406 | D:5      | Reached skill level 7 in Long Blades
  3695 | D:6      | Reached XP level 8. HP: 59/69 MP: 7/7
  3743 | D:6      | Reached skill level 8 in Long Blades
  4025 | D:6      | Found a runed translucent door.
  4038 | D:6      | Noticed Chudej's ghost (novice DECj)
  4104 | D:6      | Reached ** piety under Okawaru
  4166 | D:6      | Found a white marble altar of Elyvilon.
  4221 | D:6      | Found a burning altar of Makhleb.
  4349 | D:7      | Noticed a hippogriff
  4359 | D:7      | Killed a hippogriff
  4359 | D:7      | Reached skill level 9 in Long Blades
  4437 | D:7      | Reached XP level 9. HP: 19/78 MP: 5/8
  4478 | D:7      | Reached *** piety under Okawaru
  4738 | D:7      | Found an ornate altar of the Wu Jian Council.
  4948 | D:7      | Reached skill level 10 in Long Blades
  5017 | D:7      | Found a deep blue altar of Sif Muna.
  5227 | D:8      | Noticed a two-headed ogre
  5237 | D:8      | Mangled by a two-headed ogre

Skill      XL: |  1  2  3  4  5  6  7  8  9 |
---------------+----------------------------+-----
Armour         | 4 5 6 7 |  7.7
Fighting       | 4 5 6 |  6.9
Shields        | 4 5 7 |  7.7
Dodging        | 1 2 |  2.3
Long Blades    | 3 4 5 6 7 9 10 | 10.1
Stealth        | |  0.1

Action                   |  1- 3 |  4- 6 |  7- 9 || total
-------------------------+-------+-------+-------++-------
Melee: Long sword        |    74 |   135 |   316 ||   525
       Headbutt          |    14 |    27 |    70 ||   111
Invok: Heroism           |       |       |     1 ||     1
  Use: Scroll            |       |       |     2 ||     2
  Eat: Chunk             |       |     6 |    11 ||    17
Armor: Scale mail        |    47 |       |       ||    47
       Chain mail        |       |    67 |    59 ||   126
       Plate armour      |       |       |    87 ||    87
Dodge: Dodged            |    24 |    43 |    80 ||   147
Block: Shield            |    47 |    62 |   192 ||   301
       Rpst.: Long sword |     5 |    13 |    20 ||    38
